cohdb
Replays
Latest Replays
All Replays
Popular Replays
Top Player Replays
Match Explorer
How It Works
Community
CoH3 Stats
Reddit
Sign in to upload your games and track your stats! →
Sign in with Steam
Match 42235206
Unlisted
Match 42235206
Overview
Messages
Build Orders
End
Construct Infanterie Kompanie
Grenadier Squad
Grenadier Squad
MG 42 Machine Gun Team
MG 42 Machine Gun Team
Construct Panzergrenadier Kompanie
251 Medium Carrier
Medical Bunker
Selects Terror Battlegroup
Selects Machine Gun Camouflage
Pak 40 Anti-tank Gun Team
Support Elements
Nebelwerfer 42 Rocket Launcher Team
Medical Bunker
StuG III G Assault Gun
Selects No Quarter
Pioneer Squad
Pak 40 Anti-tank Gun Team
StuG III G Assault Gun
MG 42 Machine Gun Team
Selects King Tiger Heavy Tank
King Tiger Heavy Tank
Panzergrenadier Squad
Panzergrenadier Squad
Starsky
사촌간볼빨기
Mustache and Melons
pijin
Eki2
Gregor
0
0
Comments
sign in to comment!
No comments posted yet!